 Dungeon Crawl Stone Soup version 0.18-a0-1523-gbe15c29 (webtiles) character file.

814 GrosslyIncandescent the Insei (level 7, 0/56 HPs)
             Began as a Mummy Monk on Mar 7, 2016.
             Slain by a phantom (3 damage)
             ... on level 5 of the Dungeon.
             The game lasted 00:18:21 (7784 turns).

GrosslyIncandescent the Insei (Mummy Monk)          Turns: 7784, Time: 00:18:21

Health: 0/56       AC:  3    Str: 15    XL:     7   Next: 62%
Magic:  7/7        EV: 15    Int:  9    God:
Gold:   233        SH:  0    Dex: 16    Spells: 0 memorised, 6 levels left

rFire  x . .     SeeInvis +       - Unarmed
rCold  + . .     Gourm    .     (no armour)
rNeg   + + +     Faith    .     (no shield)
rPois  ∞         Spirit   .     a - +2 helmet
rElec  .         Dismiss  .     (no cloak)
rCorr  .         Reflect  .     (no gloves)
SustAt .         Harm     .     (no boots)
MR     .....                    (no amulet)
Stlth  ++........               i - ring of see invisible
                                (no ring)

@: not resistant to hostile enchantments, unstealthy
A: no food or potions, fire vulnerability, cold resistance 1, negative energy
resistance 3, torment resistance, unbreathing
a: no special abilities


You were on level 5 of the Dungeon.
You were not hungry.

You visited 1 branch of the dungeon, and saw 5 of its levels.

You collected 233 gold pieces.


Innate Abilities, Weirdness & Mutations

You do not eat or drink.
Your flesh is vulnerable to fire.
You are immune to poison.
Your flesh is cold resistant.
You are immune to negative energy.
You are immune to unholy pain and torment.
You can survive without breathing.


   Skills:
 - Level 5.0 Fighting
 - Level 4.7 Dodging
 - Level 1.5 Stealth
 + Level 5.8 Unarmed Combat


You had 6 spell levels left.
You didn't know any spells.

Inventory:

Armour
 a - a +2 helmet (worn)
 b - a +0 shield
 o - the +1 leather armour of Midnight {-Cast rPois rN+, unknown}

   It protects you from poison.
   It protects you from negative energy.
   It prevents spellcasting.
Jewellery
 g - an uncursed ring of ice
 i - a ring of see invisible (right hand)
Scrolls
 c - 5 scrolls of remove curse {unknown}
 e - 2 scrolls of teleportation {unknown}
 f - 4 scrolls of identify {unknown}
 h - a scroll of enchant weapon {unknown}
 j - 2 scrolls of noise {unknown}
 k - a scroll of recharging {unknown}
 l - 2 scrolls of immolation {unknown}
 m - a scroll of torment {unknown}
 n - 2 scrolls of blinking {unknown}
Comestibles
 d - 2 fruits

Dungeon Overview and Level Annotations

Branches:
Dungeon (5/15)             Temple (0/1) D:4

Altars:
Dithmenos
Makhleb
Trog

Annotations:
D:2 !Cold storage XP + free AC, Crazy Yiuf, Jessica, Sigmund
D:3 exclusions: giant frog and 3 more exclusions, FrancescoMac's ghost, amateur KoEn
D:4 exclusion: downstairs
D:5 10 exclusions, Prince Ribbit
Temple !Pensiero Magico

▒..▒▒▒▒▒5▒▒▒▒▒▒▒.▒
▒.........▒▒▒▒▒▒.▒
▒.................
▒.▒▒▒▒....▒▒▒▒▒▒.▒
▒........▒▒▒▒▒▒▒..
▒.▒▒▒▒.▒▒▒........
▒.▒ ▒.▒▒▒.... ▒W▒
▒.▒▒. ▒M▒ ▒.▒▒. ▒o▒
▒.▒▒.
▒▒.▒▒▒▒▒▒▒▒▒▒▒▒.▒▒.
▒▒.▒.....o..........
▒▒.▒▒▒.▒▒▒▒▒▒▒▒▒▒.▒..
▒)▒▒ ▒▒..▒▒▒▒▒▒▒▒.▒..
▒▒.▒▒▒.▒..........▒.▒
▒▒.▒.▒▒▒▒▒▒▒▒▒▒▒▒▒.▒
▒▒.▒▒ ▒..


You could see a phantom and an orc.


Message History

You pulverise the phantom!
The phantom is almost destroyed!
The phantom blinks!!!
You swing at nothing!
The phantom blinks!!!
You swing at nothing!
You start resting!
You swing at nothing!
You closely miss the phantom!
The phantom is almost destroyed!
The phantom hits you! * * * don't die
* * * You pulverise the phantom but do no damage!
The phantom is almost destroyed!
The phantom completely misses you!
You barely miss the phantom!
The phantom is almost destroyed!
You miss the phantom!
The phantom is almost destroyed!
The phantom hits you!!! * * * don't die
* * *
Things that are here:
a club; a gnoll corpse An orc comes into view!
It is wielding a flail!
The orc shouts!!!
The phantom blinks!!!
The orc closely misses you!
You barely miss the orc! The phantom misses you!
The orc hits you but does no damage!
You barely miss the orc! The phantom hits you! rip

Action                   |  1- 3 |  4- 6 |  7- 9 || total
-------------------------+-------+-------+-------++-------
Melee: Unarmed           |   140 |   339 |   127 ||   606
 Stab: Sleeping          |     5 |     7 |       ||    12
       Distracted        |       |       |     1 ||     1

Vault maps used:
D:1:      dpeg_arrival_refuge
D:2:      nicolae_overflow_crystal_walls, first_bread, grunt_dithmenos_smoke,
          uniq_crazy_yiuf_cottage, uniq_jessica, uniq_sigmund
D:4:      minmay_temple_entry_junction, kennysheep_generic_room_8
D:5:      tgw_trog, uniq_prince_ribbit1

Notes
Turn   | Place    | Note
--------------------------------------------------------------
     0 | D:1      | GrosslyIncandescent the Mummy Monk began the quest for the Orb.
     0 | D:1      | Reached XP level 1. HP: 18/18 MP: 1/1
   138 | D:1      | Reached XP level 2. HP: 17/24 MP: 2/2
   456 | D:1      | Reached skill level 4 in Unarmed Combat
   550 | D:1      | shit
   667 | D:1      | Reached XP level 3. HP: 25/29 MP: 3/3
   719 | D:1      | pls no clever
   946 | D:2      | Noticed Crazy Yiuf
  1218 | D:2      | Noticed Sigmund
  1515 | D:2      | Noticed Jessica
  1853 | D:3      | Reached XP level 4. HP: 18/35 MP: 4/4
  2280 | D:3      | Reached skill level 5 in Unarmed Combat
  2561 | D:3      | Noticed a giant frog
  2682 | D:3      | Reached XP level 5. HP: 41/41 MP: 5/5
  3028 | D:3      | Noticed FrancescoMac's ghost (amateur KoEn)
  3523 | D:3      | Reached skill level 4 in Fighting
  3611 | D:2      | Found a shadowy altar of Dithmenos.
  3770 | D:2      | Found a burning altar of Makhleb.
  4416 | D:4      | Found a staircase to the Ecumenical Temple.
  4667 | D:4      | Reached XP level 6. HP: 27/49 MP: 6/6
  4715 | D:4      | Reached skill level 5 in Fighting
  4990 | D:4      | Reached skill level 3 in Dodging
  5470 | D:5      | Entered Level 5 of the Dungeon
  5850 | D:5      | Noticed a moth of wrath
  5853 | D:5      | Found a bloodstained altar of Trog.
  6524 | D:3      | Reached skill level 4 in Dodging
  6524 | D:3      | Reached XP level 7. HP: 43/56 MP: 7/7
  6862 | D:5      | HP: 5/56 [ice beast (5)]
  6946 | D:5      | HP: 4/56 [ice beast (7)]
  7360 | D:5      | Noticed Prince Ribbit
  7705 | D:5      | Got a faintly humming leather armour
  7770 | D:5      | HP: 1/56 [phantom (9)]
  7784 | D:5      | Slain by a phantom

Vanquished Creatures
  An ice beast (D:5)
  An ogre (D:3)
  A scorpion (D:4)
  2 howler monkeys
  2 hounds
  2 orc priests
  5 orc wizards
  An iguana (D:4)
  A hound skeleton (D:5)
  2 gnolls (D:5)
  5 adders
  An ooze (D:1)
  3 dart slugs
  5 worms
  4 giant geckos
  21 orcs
  A ball python (D:3)
  2 giant cockroaches
  8 goblins
  8 hobgoblins
  4 jackals (D:3)
  11 bats
  A giant gecko skeleton (D:4)
  7 giant newts
  5 kobolds
  2 quokka skeletons (D:5)
  9 rats
115 creatures vanquished.
